 Dungeon Crawl Stone Soup version 0.14-a0-2100-g3cf34dd (webtiles) character file.

1393 HollowCharge the Slasher (level 8, 0/62 HPs)
             Began as a Djinni Gladiator on Jan 26, 2014.
             Succumbed to a scorpion's poison
             ... on Level 5 of the Dungeon.
             The game lasted 00:26:46 (5595 turns).

HollowCharge the Slasher (Djinni Gladiator)         Turns: 5595, Time: 00:26:47

HP   0/62        AC  8     Str 21      XL: 8   Next: 34%
MP   0/0         EV  9     Int  8      God:
Gold 66          SH  0     Dex 17      Spells:  0 memorised,  7 levels left

rFire  + + +     SeeInvis .     a - +0 falchion (curse)
rCold  x . .     Clarity  .     r - +0 scale mail (curse)
rNeg   + + +     Conserve .     (no shield)
rPois  .         rCorr    .     s - +0 helmet (curse)
rElec  .         rRot     .     (no cloak)
SustAb . .       Spirit   .     (no gloves)
rMut   .         Warding  .     (boots unavailable)
Saprov . . .     Stasis   .     (no amulet)
MR     .....                    (no ring)
                                p - +1 ring of dexterity

@: mighty, flying, quite poisoned, not resistant to hostile enchantments,
extremely unstealthy
A: fire immunity, cold vulnerability, life protection 3
a: no special abilities


You were on level 5 of the Dungeon.
You were not hungry.

You visited 1 branch of the dungeon, and saw 6 of its levels.

You collected 198 gold pieces.
You spent 132 gold pieces at shops.

Inventory:

Hand weapons
 a - a cursed +0,+0 falchion (weapon)
 l - a +0,+0 long sword
Missiles
 d - 4 throwing nets (quivered)
Armour
 f - a +1 orcish ring mail
 r - a cursed +0 scale mail (worn)
 s - a cursed +0 helmet (worn)
 u - a +0 elven scale mail
Magical devices
 i - a wand of random effects (13) {unknown}
 m - a wand of confusion (0) {unknown}
Scrolls
 b - a scroll of fog
 j - 4 scrolls of enchant weapon I
 o - a scroll of identify
 t - a scroll of amnesia
Jewellery
 p - a +1 ring of dexterity (left hand)
Potions
 c - 3 potions of resistance
 e - 2 potions of curing
 h - 3 potions of restore abilities
 n - a potion of brilliance
 q - a potion of mutation


   Skills:
 + Level 4.4 Fighting
 * Level 7.2 Long Blades
 - Level 1.7 Throwing
 + Level 4.4 Armour
 + Level 4.9 Dodging


You had 7 spell levels left.
You didn't know any spells.

Dungeon Overview and Level Annotations

Branches:
Dungeon (6/16)
 Temple: D:4-7

Altars:
Dithmengos
Xom

Shops:
D:5 ?


Innate Abilities, Weirdness & Mutations

You are immune to all types of fire, even holy and hellish.
You are vulnerable to cold.
You need no food.
You have no legs.
You are immune to negative energy.


Message History

* * * LOW HITPOINT WARNING * * *
You feel sick.
* * * LOW HITPOINT WARNING * * *
You feel sick.
* * * LOW HITPOINT WARNING * * *
You feel sick.
* * * LOW HITPOINT WARNING * * *
You feel sick.
* * * LOW HITPOINT WARNING * * *
You feel sick.
You see here a bread ration.
* * * LOW HITPOINT WARNING * * *
You feel sick.
* * * LOW HITPOINT WARNING * * *
You feel sick.
A hobgoblin comes into view.
* * * LOW HITPOINT WARNING * * *
You feel sick.
The hobgoblin shouts!
You die...

###### #####....#
#######...#....###########
#........................#
#...###...#.#########..(.#
#..........@...%.........#
#.####.g..#.######....#.##
#....#....#.######....#.####
#..........................#
##....#.#.##.#####...#.#.....
####............................
##.....##......#.####....#....#..
##.....#*......#.# #....#....#..
.......#*##....#.####............


You could see a hobgoblin.

Vanquished Creatures
  Pikel (D:4)
  Menkaure (D:5)
  A slave (D:4)
  3 ogres
  Duvessa (D:5)
  A crimson imp (D:4)
  Dowan (D:5)
  An orc priest (D:4)
  A jelly (D:5)
  A hound (D:4)
  A worker ant (D:4)
  An orc wizard (D:4)
  3 scorpions
  2 gnolls (D:3)
  6 adders
  4 green rats (D:3)
  A giant mite (D:3)
  A worm (D:5)
  A giant eyeball (D:4)
  4 giant geckos
  2 oozes
  8 orcs
  4 giant cockroaches
  14 goblins
  7 hobgoblins
  4 quokkas
  4 ball pythons
  12 bats
  6 giant newts
  A hobgoblin skeleton (D:4)
  4 jackals
  10 kobolds
  9 rats
121 creatures vanquished.

Vanquished Creatures (others)
  An adder (D:4)
  An orc skeleton (D:4)
  An orc (D:4)
  A giant newt (D:4)
  A goblin (D:4)
  3 jackals (D:4)
  A kobold (D:4)
  A rat (D:4)
10 creatures vanquished.

Grand Total: 131 creatures vanquished

Notes
Turn   | Place    | Note
--------------------------------------------------------------
     0 | D:1      | HollowCharge, the Djinni Gladiator, began the quest for the Orb.
     0 | D:1      | Reached XP level 1. HP: 15/15 MP: 0/0
   238 | D:1      | Reached XP level 2. EP: 16/21
   680 | D:2      | Reached XP level 3. EP: 25/27
   766 | D:2      | Reached skill level 1 in Armour
   781 | D:2      | Found a shimmering altar of Xom.
  1052 | D:2      | Found a shadowy altar of Dithmengos.
  1152 | D:2      | Reached XP level 4. EP: 29/34
  1247 | D:3      | Reached skill level 4 in Long Blades
  1778 | D:3      | Reached XP level 5. EP: 31/40
  2382 | D:4      | Noticed an ogre
  2560 | D:4      | Noticed a slave
  2561 | D:4      | Noticed a slave
  2562 | D:4      | Noticed a slave
  2586 | D:4      | Killed a slave
  2747 | D:4      | Noticed Pikel
  2750 | D:4      | Noticed a slave
  2771 | D:4      | Killed Pikel
  2771 | D:4      | Reached skill level 6 in Long Blades
  2771 | D:4      | Reached XP level 6. EP: 16/49
  2771 | D:4      | Reached XP level 7. EP: 17/54
  2978 | D:4      | Noticed an ogre
  3004 | D:4      | Killed an ogre
  3019 | D:4      | Killed an ogre
  3779 | D:4      | Paralysed by a giant eyeball for 3 turns
  3786 | D:4      | Paralysed by a giant eyeball for 2 turns
  3891 | D:5      | Entered Level 5 of the Dungeon
  4467 | D:5      | Reached XP level 8. EP: 38/62
  4665 | D:5      | Noticed Dowan
  4666 | D:5      | Noticed Duvessa
  4703 | D:5      | Killed Dowan
  4850 | D:5      | Found Klaunk's Magic Scroll Shoppe.
  4859 | D:5      | Bought a scroll of teleportation for 36 gold pieces
  4859 | D:5      | Bought a scroll of identify for 24 gold pieces
  4859 | D:5      | Bought a scroll of identify for 24 gold pieces
  4859 | D:5      | Bought a scroll of identify for 24 gold pieces
  4859 | D:5      | Bought a scroll of identify for 24 gold pieces
  4905 | D:5      | Noticed Menkaure
  4921 | D:5      | Killed Menkaure
  4921 | D:5      | Reached skill level 7 in Long Blades
  5316 | D:5      | Killed Duvessa
  5591 | D:5      | HP: 3/62 [poisoned by a scorpion]
  5594 | D:5      | HP: 1/62 [poisoned by a scorpion]
  5595 | D:5      | Succumbed to a scorpion's poison

Action                   |  1- 3 |  4- 6 |  7- 9 || total
-------------------------+-------+-------+-------++-------
Melee: Falchion          |   164 |   175 |   262 ||   601
  Use: Scroll            |     1 |     8 |    13 ||    22
       Potion            |       |     2 |     4 ||     6
 Stab: Sleeping          |     1 |       |       ||     1
